cohdb
Replays
Latest Replays
All Replays
Popular Replays
Top Player Replays
Match Explorer
How It Works
Community
CoH3 Stats
Reddit
Sign in to upload your games and track your stats! →
Sign in with Steam
Match 42893694
Unlisted
Match 42893694
Overview
Messages
Build Orders
End
Construct Section Command Post
Selects Canadian Shock Battlegroup
Dingo Light Scout Car
Dingo Light Scout Car
ML 3-inch Mortar Team
Infantry Section
Infantry Section
Selects Attacking Spirit
Construct Platoon Command Post
Humber Armored Car
Selects Incendiary Munitions
Selects Canadian Shock Section
Canadian Shock Section
6-pounder Anti-tank Gun Team
6-pounder Anti-tank Gun Team
Construct Company Command Post
Crusader II Medium Tank
godsarmylds
Cylar
JVM
Mila!
billthebluebot
Taiga
你是暖光iii
유유
0
0
Comments
sign in to comment!
No comments posted yet!